 Dungeon Crawl Stone Soup version 0.32-a0-576-g706899e69d (webtiles) character file.

Game seed: 6153091520528758573

51 Malificent the Changeling (level 3, -5/23 HPs)
             Began as an Octopode Shapeshifter on Mar 1, 2024.
             Was a Follower of Jiyva.
             Slain by a gnoll
             ... wielding a +0 halberd
              (15 damage)
             ... on level 3 of the Dungeon.
             The game lasted 00:07:00 (1581 turns).

Malificent the Changeling (Octopode Shapeshifter)   Turns: 1581, Time: 00:07:01

Health: -5/23      AC:  1    Str: 13    XL:     3   Next: 81%
Magic:  3/3        EV: 12    Int: 14    God:    Jiyva [*.....]
Gold:   62         SH:  6    Dex: 11    Spells: 0/2 levels left

rFire   . .          .
                       - Unarmed
rCold   . . .        h - +3 buckler
rNeg    . . .        (helmet currently unavailable)
rPois   .            (no amulet)
rElec   .            d - ring of wizardry
rCorr   .            (no ring)
SInv    .            (no ring)
Will    .....        (no ring)
Stlth   ++           (no ring)
HPRegen 1.03/turn    (no ring)
MPRegen 0.48/turn    (no ring)
                     (no ring)

%: wizardry (x1)
@: beast-form
A: beast (slay +2), almost no armour, amphibious, 8 rings, camouflage 1,
gelatinous body 1, (nimble swimmer 1), tentacles
a: Begin Untransformation, Renounce Religion


You were on level 3 of the Dungeon.
You worshipped Jiyva.
Jiyva was aware of your devotion.
You were a hulking beast.
You visited 1 branch of the dungeon, and saw 3 of its levels.

You collected 62 gold pieces.

Inventory:

Armour
 h - a +3 buckler (worn)
Magical Staves
 g - a staff of air
Jewellery
 d - a ring of wizardry (left tentacle)
Talismans
 b - a beast talisman (active)
 c - a flux talisman
Scrolls
 l - a scroll of immolation
Potions
 a - a potion of lignification
 e - a potion of cancellation
 f - a potion of haste {unknown}
 i - 2 potions of curing
 j - a potion of ambrosia
 k - a potion of heal wounds {unknown}


   Skills:
 + Level 1.0 Fighting
 + Level 2.1 Dodging
 + Level 1.1 Stealth
 + Level 0.1 Shields
 + Level 3.6 Unarmed Combat
 * Level 3.7 Shapeshifting


You couldn't memorise any spells.
You knew the following spells:

 Your Spells              Type           Power      Damage    Failure   Level
a - Ensorcelled Hibernat  Hex/Ice        0%         N/A       24%         2

Your spell library contained the following spells:

 Spells                   Type           Power      Damage    Failure   Level
 Passwall                 Erth           0%         N/A       43%         3
 Swiftness                Air            0%         N/A       43%         3


Dungeon Overview and Level Annotations

Branches:
Dungeon (3/15)

Altars:
Ru
Jiyva


Innate Abilities, Weirdness & Mutations

You are a hulking beast.
Your limbs bulge with bestial killing power. (Slay +2)
You cannot wear most types of armour.
You are amphibious.
You can wear up to eight rings at the same time.
Your skin changes colour to match your surroundings (Stealth+).
Your rubbery body absorbs attacks. (AC +1, EV +1)
((You are camouflaged when in or above water. (Stealth+)))
You have tentacles for arms and can constrict up to eight enemies at once.


Message History

m - a scroll of enchant armour
As you read the scroll of enchant armour, it crumbles to dust.
Your +2 buckler glows green for a while.
A goblin comes into view. It is wielding a +0 dagger.
The helpless goblin fails to defend itself.
You tentacle-slap the goblin.
You kill the goblin!
You see here a +0 dagger.
You enter the shallow water.
You enter the shallow water.
There is a viscous altar of Jiyva here.
You enter the shallow water.
You enter the shallow water.
A hobgoblin comes into view.
A gnoll and a frilled lizard come into view. 2 gnolls come into view.
Found a robe and 6 stones.
The gnoll shouts!
A gnoll comes into view. It is wielding a +3 heavy flail.
The gnoll shouts!
The frilled lizard hisses angrily.
You hear a shout!
The hobgoblin shouts!
Okay, then.
Okay, then.
Okay, then.
You tentacle-slap the hobgoblin. You grab the hobgoblin.
You squeeze the hobgoblin.
You kill the hobgoblin!
You closely miss the gnoll. Your grab misses the gnoll.
The gnoll hits you with a +0 whip.
The gnoll hits you from afar with a +0 halberd!
Ouch! That really hurt!
* * * LOW HITPOINT WARNING * * *
The gnoll attacks as it pursues you! You block the gnoll's attack.
The gnoll attacks as it pursues you! The gnoll closely misses you.
There is a stone staircase leading up here.
The gnoll closely misses you.
The gnoll hits you from afar with a +0 halberd!
Ouch! That really hurt!
You die...
Jiyva sends a jelly to digest your remains.

##.###.####.......##.##.#
##...##~~.~.~####........# .
#.....##.......#......g..######.
##...#####......#.#.#.#.#.......
##).# #........##.#....glg...
##.#####......###†#.###....g..
#....##.....#.#g##.# #####g..
####.#########g###.# #.#. #.#
#...hg..##.# #.#. #.#
#.......##.# #.#. #.#
#.......##.# #.#
#.####..........# #..
#....#.......#### ####.........#
###.......# #.#####.# #.. .#


You could see 4 gnolls.

Vanquished Creatures
  A dart slug (D:1)
  A ribbon worm (D:2)
  5 endoplasms
  5 giant cockroaches
  4 goblins
  4 hobgoblins
  3 quokkas
  5 ball pythons
  3 bats (D:1)
  4 frilled lizards (D:1)
  5 kobolds
  3 rats
  A spectral kobold (D:3)
44 creatures vanquished.

Notes
Turn   | Place    | Note
-------+----------+-------------------------------------------
     0 | D:1      | Malificent the Octopode Shapeshifter began the quest for
                  | the Orb.
     0 | D:1      | Reached XP level 1. HP: 13/13 MP: 1/1
   220 | D:1      | Reached XP level 2. HP: 18/18 MP: 2/2
   388 | D:1      | Reached XP level 3. HP: 23/23 MP: 3/3
   799 | D:2      | Reached skill level 1 in Stealth
   808 | D:2      | Learned a level 2 spell: Ensorcelled Hibernation
   831 | D:2      | Found a sacrificial altar of Ru.
  1454 | D:3      | Found a faded altar of an unknown god.
  1464 | D:3      | Prayed at the altar of an unknown god.
  1464 | D:3      | Became a worshipper of Jiyva Juxovif the Shapeless
  1464 | D:3      | Reached * piety under Jiyva
  1581 | D:3      | Slain by a gnoll

Illustrated notes

Levels and vault maps discovered:
D:1:      matt_arrival_spirals, layout_rooms, nicolae_eternal_life
D:2:      layout_basic, basic_altar
D:3:      layout_loops_cross, dreamdust_ecumenical_altar_drowned_temple,
          minmay_misc_feat_ornament

Skill      XL: |  1  2  3 |
---------------+----------+-----
Stealth        | 1 |  1.1
Fighting       | |  1.0
Dodging        | |  2.1
Shields        | |  0.1
Unarmed Combat | |  3.6
Shapeshifting  | |  3.7

Action                     || total
---------------------------++-------
  Melee: Unarmed           ||    69
         Constrict         ||    16
         Tentacles         ||    14
         Punch             ||     1
    Use: Scroll            ||     7
   Stab: Sleeping          ||     9
 Armour: Skin              ||    27
  Dodge: Dodged            ||    26
  Block: Buckler           ||    13

Table legend: (Time is in decaauts)
 A = Elapsed time spent in this place.
 B = Non-inter-level travel time spent in this place.
 C = Inter-level travel time spent in this place.
 D = Time resting spent in this place.
 E = Time spent auto-exploring this place.
 F = Levels seen in this place.
 G = Mean time per level.
                   A        B        C        D        E       F      G
               +--------+--------+--------+--------+--------+-----+--------+
         Total |   1577 |   1516 |     61 |    125 |    977 |   3 |  525.7 |
       Dungeon |   1577 |   1516 |     61 |    125 |    977 |   3 |  525.7 |
               +--------+--------+--------+--------+--------+-----+--------+

Top non-repeatable levels by time:
     D:1: 786 daAuts
     D:2: 654 daAuts
     D:3: 136 daAuts
